General information
- name: BNet
- type: Ladder team game (AT/RT)
- host: Battle.net
- saver: ONIONJUICE
map: FullScaleAssault
- players: 8
- length: 42:39
- speed: Fast
- version: 1.26 W3XP
- replay type: Public
» download(227 KB)
Players
team 1 (loser)
BradEckert (
yellow | 7 APM | 296 actions | 42:38)
1 Archmage
1 Summon Water Elemental
1 Paladin
1 Devotion Aura
» actions
| Build / train | 58 | |
| Enter build submenu | 28 | |
| Enter hero's abilities submenu | 2 | |
| Remove unit from queue | 11 | |
| Right click | 58 | |
| Select / deselect | 111 | |
| Use ability | 28 | |
296 total
» units
| Peasant | 11 | |
| Footman | -3 | |
| Sorceress | 10 | |
| Priest | 8 | |
| Rifleman | 3 | |
29 total
» upgrades
| Sorceress Training | 2 | |
| Priest Training | 2 | |
| Gunpowder | 3 | |
| Armor | 3 | |
| Long Rifles | 1 | |
11 total
» buildings
| Scout Tower | 1 | |
| Farm | 17 | |
| Arcane Tower | 1 | |
| Altar of Kings | 1 | |
| Lumber Mill | 1 | |
| Barracks | 2 | |
| Keep | 1 | |
| Castle | 1 | |
| Arcane Sanctum | 3 | |
| Blacksmith | 1 | |
29 total
» build order
00:20 Scout Tower
00:43 Farm
00:50 Arcane Tower
01:14 Altar of Kings
01:28 Farm
02:11 Lumber Mill
02:48 Farm
02:57 Farm
03:46 Barracks
04:51 Keep
04:58 Farm
05:14 Farm
05:18 Farm
05:43 Farm
05:57 Farm
06:48 Farm
06:58 Farm
07:14 Castle
07:23 Arcane Sanctum
07:37 Arcane Sanctum
08:21 Arcane Sanctum
08:47 Blacksmith
09:08 Farm
09:13 Farm
09:30 Farm
09:36 Farm
10:01 Farm
10:06 Farm
10:30 Barracks
ONlONJUICE (
pink | 91 APM | 3884 actions | 42:38)
7 Blademaster
3 Wind Walk
3 Critical Strike
1 Bladestorm
1 Archmage
1 Brilliance Aura
» actions
| Assign group hotkey | 167 | |
| Basic commands | 141 | |
| Build / train | 177 | |
| ESC pressed | 23 | |
| Enter build submenu | 98 | |
| Enter hero's abilities submenu | 8 | |
| Give item / drop item | 6 | |
| Right click | 1640 | |
| Select / deselect | 575 | |
| Select group hotkey | 771 | |
| Use ability | 278 | |
3884 total
» units
| Peon | 28 | |
| Grunt | 13 | |
| Goblin Shredder | 4 | |
| Troll Headhunter/Berserker | 3 | |
| Goblin Zeppelin | 5 | |
| Troll Batrider | 17 | |
| Wind Rider | 8 | |
78 total
» upgrades
| Armor | 3 | |
| Berserker Strength | 1 | |
| Berserker Upgrade | 1 | |
| Reinforced Defenses | 1 | |
| Shaman Training | 2 | |
| Pillage | 1 | |
| Troll Regeneration | 1 | |
| Ranged Weapons | 3 | |
| Spiked Barricades | 1 | |
| Liquid Fire | 1 | |
| Envenomed Spears | 1 | |
16 total
» buildings
| Orc Burrow | 10 | |
| Altar of Storms | 2 | |
| Barracks | 2 | |
| Voodoo Lounge | 2 | |
| Stronghold | 17 | |
| War Mill | 3 | |
| Great Hall | 7 | |
| Fortress | 17 | |
| Beastiary | 7 | |
| Watch Tower | 62 | |
| Spirit Lodge | 1 | |
130 total
» build order
00:10 Orc Burrow
00:38 Orc Burrow
01:09 Altar of Storms
01:13 Barracks
01:53 Voodoo Lounge
02:09 Orc Burrow
05:22 Stronghold
05:23 Stronghold
05:23 Stronghold
05:34 War Mill
06:06 Orc Burrow
07:28 Great Hall
08:46 Fortress
08:47 Fortress
08:47 Fortress
08:50 Beastiary
08:51 Beastiary
10:02 Watch Tower
10:04 Watch Tower
10:40 Spirit Lodge
12:09 Watch Tower
12:10 Watch Tower
12:12 Watch Tower
12:28 Watch Tower
12:29 Watch Tower
12:29 Watch Tower
12:30 Watch Tower
13:27 Watch Tower
14:41 Great Hall
14:44 Watch Tower
14:45 Watch Tower
14:46 Watch Tower
14:47 Watch Tower
14:51 Watch Tower
14:52 Watch Tower
14:53 Watch Tower
14:54 Watch Tower
14:56 Watch Tower
14:57 Watch Tower
14:58 Watch Tower
15:00 Watch Tower
15:01 Watch Tower
15:16 Stronghold
15:17 Stronghold
16:04 Great Hall
16:07 Great Hall
16:14 Watch Tower
16:15 Watch Tower
16:19 Great Hall
16:23 Watch Tower
16:25 Watch Tower
16:28 Watch Tower
16:29 Watch Tower
17:08 Orc Burrow
17:10 Orc Burrow
19:19 Stronghold
19:20 Stronghold
19:20 Stronghold
19:20 Stronghold
19:58 Watch Tower
20:30 Watch Tower
20:31 Watch Tower
20:32 Watch Tower
21:12 Watch Tower
21:13 Watch Tower
21:15 Fortress
21:15 Fortress
22:07 Stronghold
22:07 Stronghold
22:07 Stronghold
22:08 Stronghold
23:35 Fortress
23:35 Fortress
23:35 Fortress
23:38 Barracks
23:44 Watch Tower
23:46 Watch Tower
23:47 Watch Tower
23:49 Watch Tower
23:50 Watch Tower
23:51 Watch Tower
23:51 Watch Tower
23:52 Watch Tower
23:53 Watch Tower
24:24 Altar of Storms
24:27 Beastiary
24:32 Beastiary
25:06 Beastiary
25:08 Beastiary
25:12 Watch Tower
25:15 Watch Tower
26:12 Fortress
26:12 Fortress
26:13 Fortress
26:16 Orc Burrow
26:19 Orc Burrow
26:31 Orc Burrow
26:38 War Mill
27:51 Voodoo Lounge
28:33 Orc Burrow
28:54 Great Hall
29:03 Watch Tower
29:06 Watch Tower
29:15 Great Hall
29:19 Watch Tower
29:20 Watch Tower
29:23 Watch Tower
29:27 Watch Tower
29:28 Watch Tower
29:30 Watch Tower
29:32 Watch Tower
31:25 Watch Tower
31:39 Watch Tower
31:47 Watch Tower
33:41 Watch Tower
33:43 Watch Tower
33:44 Watch Tower
33:46 Watch Tower
35:23 Beastiary
40:08 War Mill
» items
| Healing Salve | 4 | |
| Lesser Clarity Potion | 5 | |
| Boots of Speed | 1 | |
| Scroll of Town Portal | 3 | |
| Orb of Lightning | 1 | |
14 total
smallweiner (
blue | 23 APM | 964 actions | 42:38)
2 Mountain King
1 Storm Bolt
1 Thunder Clap
» actions
| Basic commands | 7 | |
| Build / train | 103 | |
| ESC pressed | 2 | |
| Enter build submenu | 56 | |
| Enter hero's abilities submenu | 2 | |
| Right click | 269 | |
| Select / deselect | 450 | |
| Use ability | 75 | |
964 total
» units
| Peasant | 50 | |
| Goblin Zeppelin | 1 | |
| Goblin Shredder | 1 | |
| Siege Engine | 8 | |
| Mortar Team | 4 | |
64 total
» upgrades
| Masonry | 3 | |
| Lumber Harvesting | 2 | |
| Magic Sentry | 1 | |
| Barrage | 1 | |
| Gunpowder | 2 | |
| Plating | 2 | |
11 total
» buildings
| Farm | 9 | |
| Altar of Kings | 2 | |
| Lumber Mill | 1 | |
| Scout Tower | 24 | |
| Guard Tower | 19 | |
| Town Hall | 5 | |
| Keep | 1 | |
| Castle | 1 | |
| Blacksmith | 1 | |
| Arcane Vault | 2 | |
| Arcane Sanctum | 1 | |
| Workshop | 7 | |
73 total
» build order
00:09 Farm
00:12 Altar of Kings
00:21 Lumber Mill
00:45 Farm
01:26 Scout Tower
01:40 Farm
01:54 Guard Tower
02:15 Farm
02:41 Scout Tower
02:47 Scout Tower
02:56 Farm
03:13 Guard Tower
03:18 Guard Tower
04:34 Town Hall
04:46 Keep
05:07 Scout Tower
05:24 Scout Tower
05:38 Guard Tower
05:48 Scout Tower
05:51 Guard Tower
05:59 Scout Tower
06:18 Guard Tower
06:23 Scout Tower
06:59 Farm
07:06 Farm
07:08 Castle
07:17 Guard Tower
07:45 Guard Tower
08:09 Farm
08:18 Blacksmith
08:29 Farm
08:39 Arcane Vault
09:40 Scout Tower
09:48 Arcane Vault
09:59 Town Hall
10:22 Guard Tower
10:23 Scout Tower
12:05 Guard Tower
12:07 Arcane Sanctum
12:24 Scout Tower
12:26 Scout Tower
12:28 Scout Tower
12:48 Workshop
12:51 Workshop
12:54 Workshop
12:56 Workshop
12:59 Workshop
13:06 Guard Tower
13:30 Guard Tower
13:48 Scout Tower
14:25 Guard Tower
14:30 Workshop
14:31 Scout Tower
14:33 Scout Tower
14:35 Scout Tower
15:06 Guard Tower
15:08 Scout Tower
15:12 Guard Tower
15:13 Scout Tower
15:22 Workshop
16:00 Town Hall
16:22 Guard Tower
16:23 Guard Tower
16:26 Scout Tower
17:14 Town Hall
18:19 Guard Tower
18:21 Guard Tower
21:25 Town Hall
22:12 Altar of Kings
24:08 Scout Tower
24:10 Scout Tower
24:12 Scout Tower
24:14 Scout Tower
» items
| Scroll of Town Portal | 3 | |
| Potion of Healing | 1 | |
4 total

»
FireandFury (
red | 28 APM | 1179 actions | 42:08)
3 Keeper of the Grove
2 Entangling Roots
1 Thorns Aura
2 Demon Hunter
1 Mana Burn
1 Evasion
» actions
| Assign group hotkey | 19 | |
| Build / train | 73 | |
| Enter build submenu | 20 | |
| Enter hero's abilities submenu | 5 | |
| Give item / drop item | 4 | |
| Right click | 417 | |
| Select / deselect | 502 | |
| Select group hotkey | 26 | |
| Use ability | 113 | |
1179 total
» units
| Wisp | 32 | |
| Archer | 8 | |
| Druid of the Claw | 4 | |
| Dryad | 3 | |
47 total
» upgrades
| Reinforced Hides | 3 | |
| Strength of the Wild | 2 | |
| Druid of the Claw Training | 2 | |
| Mark of the Claw | 1 | |
8 total
» buildings
| Altar of Elders | 1 | |
| Moon Well | 7 | |
| Ancient of War | 1 | |
| Ancient of Wonders | 1 | |
| Hunter's Hall | 1 | |
| Tree of Ages | 1 | |
| Tree of Eternity | 1 | |
| Ancient of Lore | 2 | |
| Tree of Life | 4 | |
19 total
» build order
00:09 Altar of Elders
00:26 Moon Well
01:10 Ancient of War
01:55 Moon Well
02:12 Ancient of Wonders
02:35 Moon Well
02:40 Hunter's Hall
04:19 Tree of Ages
05:49 Moon Well
06:48 Tree of Eternity
06:56 Ancient of Lore
07:33 Tree of Life
08:11 Ancient of Lore
15:47 Moon Well
15:53 Moon Well
19:38 Tree of Life
24:05 Moon Well
27:39 Tree of Life
29:20 Tree of Life
» items
| Scroll of Regeneration | 1 | |
| Staff of Sanctuary | 1 | |
| Dust of Appearance | 1 | |
| Potion of Lesser Invulnerability | 1 | |
| Circlet of Nobility | 1 | |
| Scroll of Town Portal | 1 | |
| Orb of Venom | 1 | |
7 total
team 2 (winner)
ONIONJUICE (
green | 50 APM | 2138 actions | 42:39)
6 Blademaster
3 Wind Walk
3 Critical Strike
» actions
| Assign group hotkey | 27 | |
| Basic commands | 114 | |
| Build / train | 77 | |
| Enter build submenu | 59 | |
| Enter hero's abilities submenu | 6 | |
| Give item / drop item | 7 | |
| Remove unit from queue | 4 | |
| Right click | 818 | |
| Select / deselect | 437 | |
| Select group hotkey | 225 | |
| Use ability | 364 | |
2138 total
» units
| Peon | 13 | |
| Grunt | 4 | |
| Goblin Shredder | 2 | |
| Goblin Zeppelin | 4 | |
| Goblin Sapper | 8 | |
| Troll Batrider | 3 | |
| Blue Dragon | 2 | |
| Wind Rider | 5 | |
41 total
» upgrades
| Ranged Weapons | 3 | |
| Armor | 3 | |
| Reinforced Defenses | 1 | |
| Liquid Fire | 1 | |
| Envenomed Spears | 1 | |
| Ensnare | 1 | |
10 total
» buildings
| Orc Burrow | 7 | |
| Altar of Storms | 1 | |
| Barracks | 1 | |
| Voodoo Lounge | 3 | |
| Stronghold | 1 | |
| War Mill | 2 | |
| Great Hall | 4 | |
| Watch Tower | 71 | |
| Fortress | 1 | |
| Beastiary | 4 | |
95 total
» build order
00:13 Orc Burrow
00:52 Altar of Storms
00:53 Barracks
01:10 Orc Burrow
01:46 Voodoo Lounge
02:55 Stronghold
03:54 Orc Burrow
04:23 War Mill
05:20 Great Hall
06:12 Watch Tower
06:12 Watch Tower
06:13 Watch Tower
06:14 Watch Tower
06:42 Fortress
07:06 Orc Burrow
07:53 Beastiary
07:53 Beastiary
07:54 Beastiary
07:57 Beastiary
09:03 War Mill
17:51 Watch Tower
17:55 Watch Tower
17:56 Watch Tower
17:56 Watch Tower
17:57 Watch Tower
17:57 Watch Tower
17:58 Watch Tower
18:01 Watch Tower
18:02 Watch Tower
18:03 Watch Tower
18:03 Watch Tower
18:05 Watch Tower
18:06 Watch Tower
18:07 Watch Tower
18:08 Watch Tower
18:10 Watch Tower
18:11 Watch Tower
18:14 Watch Tower
18:15 Watch Tower
18:16 Watch Tower
18:17 Watch Tower
18:18 Watch Tower
18:20 Watch Tower
18:21 Watch Tower
19:17 Great Hall
19:19 Watch Tower
19:20 Watch Tower
19:20 Watch Tower
19:21 Watch Tower
19:25 Watch Tower
19:25 Watch Tower
19:28 Voodoo Lounge
21:10 Watch Tower
21:10 Watch Tower
21:14 Watch Tower
21:14 Watch Tower
21:17 Watch Tower
21:20 Watch Tower
24:07 Orc Burrow
25:26 Watch Tower
25:27 Watch Tower
25:30 Watch Tower
25:31 Watch Tower
25:32 Watch Tower
25:37 Watch Tower
25:39 Watch Tower
25:41 Watch Tower
27:53 Orc Burrow
27:56 Orc Burrow
29:31 Great Hall
29:33 Watch Tower
29:34 Watch Tower
29:34 Watch Tower
29:36 Watch Tower
29:36 Watch Tower
29:36 Watch Tower
29:37 Watch Tower
29:38 Watch Tower
29:39 Watch Tower
29:40 Watch Tower
29:43 Voodoo Lounge
34:04 Great Hall
34:08 Watch Tower
34:08 Watch Tower
34:09 Watch Tower
34:10 Watch Tower
34:10 Watch Tower
34:11 Watch Tower
34:11 Watch Tower
34:12 Watch Tower
34:13 Watch Tower
34:13 Watch Tower
34:14 Watch Tower
» items
| Healing Salve | 4 | |
| Lesser Clarity Potion | 1 | |
| Scroll of Town Portal | 4 | |
| Orb of Lightning | 2 | |
| Periapt of Vitality | 1 | |
| Staff of Teleportation | 1 | |
13 total
OrbsOfVenom (
purple | 59 APM | 2162 actions | 36:50)
7 Priestess of the Moon
3 Trueshot Aura
2 Searing Arrows
1 Starfall
1 Scout
6 Keeper of the Grove
3 Entangling Roots
2 Thorns Aura
1 Tranquility
4 Paladin
2 Devotion Aura
1 Divine Shield
1 Holy Light
3 Archmage
2 Brilliance Aura
1 Mass Teleport
» actions
| Assign group hotkey | 60 | |
| Basic commands | 315 | |
| Build / train | 143 | |
| Enter build submenu | 32 | |
| Enter hero's abilities submenu | 20 | |
| Give item / drop item | 4 | |
| Right click | 304 | |
| Select / deselect | 497 | |
| Select group hotkey | 683 | |
| Use ability | 104 | |
2162 total
» units
| Wisp | 27 | |
| Archer | 15 | |
| Hippogryph | 16 | |
| Goblin Zeppelin | 2 | |
| Siege Engine | 9 | |
| Blue Dragon | 2 | |
| Rifleman | 13 | |
| Blue Drake | 1 | |
| Blue Dragon Whelp | 1 | |
| Peasant | 5 | |
91 total
» upgrades
| Strength of the Moon | 3 | |
| Improved Bows | 1 | |
| Moon Armor | 3 | |
| Hippogryph Taming | 1 | |
| Marksmanship | 1 | |
| Plating | 1 | |
| Nature's Blessing | 1 | |
| Well Spring | 1 | |
| Ultravision | 1 | |
| Armor | 1 | |
| Reinforced Hides | 1 | |
15 total
» buildings
| Moon Well | 14 | |
| Ancient of War | 2 | |
| Altar of Elders | 1 | |
| Tree of Life | 1 | |
| Tree of Ages | 1 | |
| Hunter's Hall | 1 | |
| Ancient of Wind | 2 | |
| Ancient Protector | 1 | |
| Tree of Eternity | 1 | |
| Lumber Mill | 1 | |
| Town Hall | 2 | |
| Farm | 7 | |
| Barracks | 5 | |
| Blacksmith | 1 | |
| Ancient of Wonders | 1 | |
41 total
» build order
00:26 Moon Well
00:55 Ancient of War
01:01 Altar of Elders
01:22 Moon Well
01:55 Ancient of War
02:15 Moon Well
04:32 Tree of Life
05:03 Tree of Ages
05:38 Hunter's Hall
07:48 Ancient of Wind
07:50 Ancient of Wind
07:58 Moon Well
09:36 Moon Well
09:41 Ancient Protector
11:40 Tree of Eternity
12:26 Moon Well
14:10 Lumber Mill
16:02 Moon Well
16:02 Moon Well
21:17 Town Hall
21:20 Farm
21:21 Farm
21:22 Farm
21:24 Barracks
21:24 Barracks
21:26 Blacksmith
21:28 Barracks
21:30 Barracks
21:39 Moon Well
21:39 Moon Well
21:40 Moon Well
21:40 Moon Well
22:06 Ancient of Wonders
23:21 Barracks
23:46 Moon Well
23:47 Moon Well
24:54 Farm
24:55 Farm
26:22 Farm
26:22 Farm
29:03 Town Hall
» items
| Scroll of Town Portal | 6 | |
| Scroll of Healing | 1 | |
| Potion of Lesser Invulnerability | 1 | |
| Anti-magic Potion | 1 | |
9 total

»
VSF1 (
orange | 43 APM | 464 actions | 10:53)
3 Archmage
1 Summon Water Elemental
2 Blizzard
» actions
| Assign group hotkey | 13 | |
| Basic commands | 1 | |
| Build / train | 38 | |
| Enter build submenu | 21 | |
| Enter hero's abilities submenu | 3 | |
| Remove unit from queue | 1 | |
| Right click | 131 | |
| Select / deselect | 120 | |
| Select group hotkey | 104 | |
| Use ability | 32 | |
464 total
» units
| Peasant | 16 | |
| Footman | 2 | |
| Rifleman | 4 | |
| Goblin Zeppelin | 1 | |
| Siege Engine | 1 | |
24 total
» upgrades
| Masonry | 1 | |
| Lumber Harvesting | 1 | |
| Armor | 0 | |
| Gunpowder | 1 | |
| Barrage | 1 | |
4 total
» buildings
| Farm | 9 | |
| Altar of Kings | 1 | |
| Barracks | 1 | |
| Scout Tower | 2 | |
| Arcane Tower | 1 | |
| Blacksmith | 1 | |
| Arcane Vault | 1 | |
| Lumber Mill | 1 | |
| Keep | 1 | |
| Town Hall | 2 | |
| Castle | 1 | |
| Guard Tower | 1 | |
| Workshop | 2 | |
24 total
» build order
00:42 Farm
01:11 Altar of Kings
01:29 Barracks
01:44 Scout Tower
01:56 Farm
02:14 Arcane Tower
02:33 Blacksmith
02:35 Farm
02:40 Arcane Vault
03:22 Farm
03:31 Lumber Mill
04:42 Keep
04:49 Farm
06:03 Town Hall
07:05 Farm
07:52 Scout Tower
07:55 Castle
08:23 Guard Tower
08:29 Farm
08:36 Farm
09:10 Workshop
09:13 Workshop
09:57 Town Hall
10:20 Farm
» items

»
gv-420 (
teal | 41 APM | 1447 actions | 35:21)
5 Priestess of the Moon
3 Trueshot Aura
1 Scout
1 Searing Arrows
4 Keeper of the Grove
2 Entangling Roots
2 Thorns Aura
» actions
| Assign group hotkey | 7 | |
| Basic commands | 98 | |
| Build / train | 67 | |
| Enter build submenu | 25 | |
| Enter hero's abilities submenu | 9 | |
| Give item / drop item | 3 | |
| Right click | 429 | |
| Select / deselect | 309 | |
| Select group hotkey | 442 | |
| Use ability | 58 | |
1447 total
» units
» upgrades
| Corrosive Breath | 1 | |
| Strength of the Wild | 2 | |
| Long Rifles | 1 | |
| Reinforced Hides | 1 | |
5 total
» buildings
| Altar of Elders | 1 | |
| Moon Well | 7 | |
| Ancient of Wonders | 1 | |
| Tree of Ages | 2 | |
| Hunter's Hall | 1 | |
| Tree of Eternity | 3 | |
| Ancient of Wind | 1 | |
| Chimaera Roost | 3 | |
| Tree of Life | 3 | |
| Farm | 4 | |
26 total
» build order
00:10 Altar of Elders
00:25 Moon Well
01:35 Ancient of Wonders
01:42 Moon Well
02:13 Tree of Ages
02:13 Tree of Ages
02:35 Hunter's Hall
02:48 Moon Well
04:37 Tree of Eternity
04:37 Tree of Eternity
04:44 Ancient of Wind
06:59 Moon Well
07:05 Chimaera Roost
07:09 Chimaera Roost
07:13 Chimaera Roost
10:28 Moon Well
11:45 Moon Well
12:39 Tree of Life
13:56 Farm
17:32 Tree of Life
21:51 Moon Well
28:03 Farm
28:07 Farm
28:09 Farm
29:07 Tree of Life
» items
| Periapt of Vitality | 1 | |
| Potion of Lesser Invulnerability | 1 | |
| Boots of Speed | 1 | |
| Potion of Healing | 2 | |
| Scroll of Speed | 2 | |
| Orb of Lightning | 2 | |
| Scroll of Town Portal | 2 | |
| Moonstone | 1 | |
| Healing Salve | 1 | |
13 total
Chat log
(00:08 / Allies) VSF1: wtf
(00:26 / Allies) VSF1: same name??
(00:42 / Allies) ONIONJUICE: he must read same blog and youtube channel lol
(00:44 / Allies) gv-420: .....sick
(00:49 / Allies) gv-420: yeah ok
(00:59 / Allies) gv-420: 2 games at the same time ?
(01:06 / Allies) VSF1: kkkk
(01:21 / All) ONIONJUICE: Do you read Kevin Sutherland's blog
(01:30 / All) ONlONJUICE: Yes
(01:31 / All) OrbsOfVenom: who the fuck is that?
(01:34 / All) ONlONJUICE: nice name btw
(01:37 / All) ONIONJUICE: THE ONION MAN!
(01:44 / All) OrbsOfVenom: never heard of him. sounds like a loser.
(01:51 / All) smallweiner: i watch porn
(01:56 / All) ONlONJUICE: what kind of porn
(01:58 / All) ONIONJUICE: Am I to understand you don't like onions?>
(02:02 / All) smallweiner: granny panties
(02:02 / All) ONlONJUICE: are you a cuckold blue?
(02:22 / All) smallweiner: scat is the best
(02:51 / Allies) OrbsOfVenom: one is using a 1 for an i the other an I for an i
(05:41 / All) smallweiner: leech?
(05:44 / All) ONlONJUICE: Yellow is a dumb Xp leech bitch
(05:51 / All) ONlONJUICE: brings solo hero on autofollow
(05:57 / All) OrbsOfVenom: thats annoying as fuck
(06:00 / All) ONlONJUICE: yeah
(06:40 / All) BradEckert: u guys r dumb
(06:48 / All) ONlONJUICE: you're a dumb xp leeching bitch LOL
(06:52 / All) BradEckert: LOL
(06:54 / All) BradEckert: tru
(09:02 / Allies) gv-420: wood plz
(09:20 / Allies) gv-420: wood plz
(09:38 / All) ONIONJUICE: blue is good at this game
(10:32 / Allies) VSF1: lumber plz
(10:53 / Allies) ONIONJUICE: TT
(12:16 / All) ONIONJUICE: OMG LOL
(12:17 / All) ONIONJUICE: that tp
(12:19 / All) ONIONJUICE: dragged
(16:39 / Allies) OrbsOfVenom: yep
(17:28 / All) OrbsOfVenom: bye red
(19:21 / All) ONIONJUICE: lumber/
(22:26 / Allies) OrbsOfVenom: go
(23:09 / All) OrbsOfVenom: owned
(23:13 / All) gv-420: gg
(23:14 / All) ONlONJUICE: Yellow wasn't even here lawl
(23:15 / All) OrbsOfVenom: gg
(23:19 / All) ONIONJUICE: oh the sapper didn't og off
(23:22 / All) ONlONJUICE: gg time for you to leave
(23:23 / All) ONlONJUICE: you lose
(23:39 / All) gv-420: we have the real oj
(26:09 / All) ONlONJUICE: gg
(26:09 / All) ONlONJUICE: out
(26:12 / All) OrbsOfVenom: gg
(26:14 / All) gv-420: gg
(26:23 / All) ONlONJUICE: if you say gg why don't you leave?
(26:25 / All) ONlONJUICE: good game noobs
(26:27 / All) ONlONJUICE: you lose
(28:10 / All) ONlONJUICE: out
(28:12 / All) ONlONJUICE: gg
(30:26 / All) ONlONJUICE: out
(30:27 / All) ONlONJUICE: gg
(31:34 / All) ONlONJUICE: gg
(32:02 / All) ONlONJUICE: I have a noob team
(32:02 / Allies) gv-420: y green
(32:03 / All) ONlONJUICE: noob alies
(33:39 / Allies) gv-420: green y are u being a fag
(33:44 / Allies) OrbsOfVenom: because he is
(33:46 / Allies) gv-420: u kill this game for no reason
(34:03 / Allies) OrbsOfVenom: he has no life, nothing better to do
(34:11 / Allies) OrbsOfVenom: i kind of feel sorry for him, dont you?
(34:20 / All) gv-420: small dick faggot
(34:24 / All) gv-420: never gets laid
(34:25 / All) ONlONJUICE: mad?
(34:29 / All) ONlONJUICE: gg
(34:30 / All) ONlONJUICE: gg
(34:30 / All) OrbsOfVenom: no, feel sorry for him
(34:31 / All) ONlONJUICE: out
(34:32 / All) gv-420: looks at his sister in the shower as nigga
(34:34 / All) ONIONJUICE: I have threesome every 2 week
(34:37 / All) OrbsOfVenom: feel pitty, his life must seriously suck
(34:46 / All) gv-420: ur a lame
(34:58 / All) gv-420: look at what ur doing
(35:03 / All) gv-420: ur a lameeeeeeeeeeeeeeeeeeeeeeeeeeeeeeee
(35:09 / Allies) OrbsOfVenom: attack pink
(35:17 / All) gv-420: fuxk him
(35:19 / All) ONlONJUICE: you're a loser
(35:30 / All) ONlONJUICE: I got stuck with a noob team and still beat you guys
(35:45 / All) OrbsOfVenom: noob team? i carried this team
(35:53 / All) OrbsOfVenom: green especially sucked
(35:56 / All) ONlONJUICE: you were noob
(35:58 / All) ONlONJUICE: I 1v4 you lol
(35:59 / All) ONlONJUICE: out
(36:01 / All) ONlONJUICE: you lose noob
(36:23 / All) OrbsOfVenom: you think i care about losing a game to a noob loser????
(36:33 / All) ONIONJUICE: I think you care a lot
(36:34 / All) ONlONJUICE: you're the noob loser
(36:36 / All) ONlONJUICE: I'm a winner
(36:37 / All) ONlONJUICE: pro winner
(36:41 / All) OrbsOfVenom: gg, not wasting my time on you, youre pathetic
(36:42 / All) ONlONJUICE: I have two accounts
(36:45 / All) ONlONJUICE: just beat you on both
(36:47 / All) OrbsOfVenom: hope your life gets better
(36:51 / All) ONlONJUICE: ok noob
(36:53 / All) ONlONJUICE: loser noob!
(37:37 / All) ONIONJUICE: bad news blue yellow and red
(37:46 / All) ONlONJUICE: your team all left LOL
(38:03 / All) ONIONJUICE: he tried to kill me but knew he had no chance and instantly alt qqed
(41:28 / All) ONlONJUICE: I'm mising a building?
(41:43 / All) ONlONJUICE: oh